 Dungeon Crawl Stone Soup version 0.31.0-12-g77e489cdc1 (webtiles) character file.

Game seed: 10286204667106976832

10842 DildoBatman the Reanimator (level 12, -11/75 (92) HPs)
             Began as a Formicid Conjurer on Feb 11, 2024.
             Was an Initiate of Gozag.
             Mangled by an orange demon (14 damage)
             ... summoned by a kobold demonologist
             ... while paralysed
             ... on level 10 of the Dungeon.
             The game lasted 00:45:19 (10168 turns).

DildoBatman the Reanimator (Formicid Conjurer)     Turns: 10168, Time: 00:45:20

HP:   -11/75 (92)   AC: -16   Str: 17    XL:     12   Next: 0%
MP:   21/21         EV:  2    Int: 22    God:    Gozag
Gold: 445           SH:  0    Dex: -1 (10) Spells: 3/23 levels left

rFire   . . .        b - +5 dagger of Capital Punishment {drain, ^Contam Str+4 SInv Stlth+}
rCold   . . .        M - orb {*channel}
rNeg    . . .        P - +0 troll leather armour
rPois   +            (helmet unavailable)
rElec   .            G - +1 cloak
rCorr   .            Q - +0 pair of gloves
SInv    +            F - +0 pair of boots
Will    ++...        (no amulet)
Stlth   x              - +4 ring of slaying
HPRegen 1.12/turn    r - ring of willpower
MPRegen 0.17/turn

%: channel magic (20%)
@: paralysed, corroded, slowed, lost dexterity, heavily drained
A: permanent stasis, dig shafts and tunnels, antennae 3, four strong arms,
iridescent scales 1, clumsy 1, poison resistance, inability to drink after
injury 1
a: Dig, Shaft Self, Renounce Religion, Potion Petition, Call Merchant, Bribe
Branch


You were on level 10 of the Dungeon.
You worshipped Gozag.
Gozag was aware of your devotion.
You visited 2 branches of the dungeon, and saw 11 of its levels.

You collected 657 gold pieces.
You spent 24 gold pieces at shops.
You paid 188 gold pieces to Gozag.

Inventory:

Hand Weapons
 a - a +0 orcbow
 b - the +5 dagger of Capital Punishment (weapon) {drain, ^Contam Str+4 SInv Stlth+}
   (You found it on level 2 of the Dungeon)

   Str+4:     It affects your strength (+4).
   SInv:      It lets you see invisible.
   ^Contam:   It causes magical contamination when unequipped.
   Stlth+:    It makes you more stealthy.
 d - the +5 war axe "Baig" {protect, Will+}
   (You found it on level 7 of the Dungeon)

   Will+:     It increases your willpower.
 e - a +2 vampiric trident
 N - a +1 halberd of protection
Missiles
 g - 27 poisoned darts
 j - 6 javelins
 l - 3 throwing nets
 p - 2 atropa-tipped darts
Armour
 F - a +0 pair of boots (worn)
 G - a +1 cloak (worn)
 J - a +0 robe of resistance
 M - an orb of energy (worn)
 O - +0 swamp dragon scales
 P - a +0 troll leather armour (worn)
 Q - a +0 pair of gloves (worn)
Jewellery
 f - a ring of resist corrosion
 r - a ring of willpower (right hand)
 u - an amulet of guardian spirit
 x - a +4 ring of slaying (left hand)
 y - a ring of willpower
Talismans
 C - a beast talisman
Wands
 h - a wand of acid (8)
 s - a wand of flame (14)
 K - a wand of paralysis (3)
Scrolls
 o - a scroll of fog {unknown}
 t - a scroll of revelation {unknown}
 w - a scroll of enchant weapon
 z - 4 scrolls of identify
 A - a scroll of amnesia {unknown}
 D - a scroll of immolation {unknown}
 E - a scroll of poison {unknown}
 I - a scroll of teleportation {unknown}
 L - a scroll of summoning {unknown}
Potions
 c - a potion of ambrosia {unknown}
 i - a potion of might {unknown}
 k - a potion of magic
 m - 3 potions of heal wounds
 n - 2 potions of brilliance {unknown}
 q - 2 potions of lignification {unknown}
 v - 2 potions of enlightenment
 B - 2 potions of curing {unknown}
 H - 2 potions of mutation


   Skills:
 - Level 8.0 Fighting
 - Level 2.0 Short Blades
 - Level 8.0 Armour
 - Level 6.0 Dodging
 - Level 5.0 Stealth
 - Level 6.0 Spellcasting
 - Level 6.0 Conjurations
 - Level 8.0 Necromancy
 * Level 6.2 Earth Magic
 - Level 4.0 Shapeshifting


You had 3 spell levels left.
You knew the following spells:

 Your Spells              Type           Power      Damage    Failure   Level
a - Borgnjor's Vile Clut  Necr/Erth      18%        N/A       34%         5
b - Dispel Undead         Necr           41%        3d16      12%         4
c - Stone Arrow           Conj/Erth      66%        3d11      10%         3
d - Vampiric Draining     Necr           41%        2d8       5%          3
e - Cigotuvi's Dreadful   Necr/Alch/Air  36%        N/A       16%         2
f - Searing Ray           Conj           66%        2d6       6%          2
g - Magic Dart            Conj           100%       1d8       4%          1

Your spell library contained the following spells:

 Spells                   Type           Power      Damage    Failure   Level
 Kiss of Death            Conj/Necr      100%       2d13      3%          1
 Foxfire                  Conj/Fire      76%        2x1d7     11%         1
 Shock                    Conj/Air       76%        1d7       11%         1
 Momentum Strike          Conj/Tloc      38%        3d9       14%         2
 Summon Small Mammal      Summ           24%        N/A       26%         1
 Scorch                   Fire           12%        2d5       34%         2
 Call Canine Familiar     Summ           6%         N/A       52%         3
 Anguish                  Hex/Necr       12%        N/A       41%         4
 Flame Wave               Conj/Fire      19%        2d7       52%         4
 Fulminant Prism          Conj/Alch      9%         3d7       52%         4
 Iskenderun's Mystic Bla  Conj/Tloc      19%        2d6       52%         4
 Death Channel            Necr           20%        N/A       73%         6
 Irradiate                Conj/Alch      9%         3d14      82%         5
 Airstrike                Air            3%         2d(1-17)  87%         4
 Summon Blazeheart Golem  Fire/Summ      6%         N/A       87%         4
 Plasma Beam              Fire/Air       3%         2x1d13    100%        6
 Starburst                Conj/Fire      9%         6d5       100%        6
 Summon Cactus Giant      Summ           3%         N/A       100%        6
 Swiftness                Air            Unusable   N/A       N/A         3
 Animate Dead             Necr           Unusable   N/A       N/A         4

Dungeon Overview and Level Annotations

Branches:
Dungeon (10/15)            Temple (1/1) D:4            Lair (0/5) D:9
    Orc: D:9-12

Altars:
Ashenzari
Cheibriados
Dithmenos
Elyvilon
Fedhas
Gozag
Hepliaklqana
Kikubaaqudgha
Makhleb
Nemelex Xobeh
Okawaru
Qazlal
Ru
Sif Muna
Trog
Uskayaw
Vehumet
Wu Jian
Xom
Yredelemnul
Zin
The Shining One

Shops:
D:2 ?

Annotations:
D:9 6 transporters, Erolcha


Innate Abilities, Weirdness & Mutations

You cannot be hasted, slowed, berserked, paralysed or teleported.
You can dig through walls and to a lower floor.
You have a pair of large antennae on your head. (SInv)
Your four strong arms can wield two-handed weapons with a shield.
You are partially covered in iridescent scales. (AC +2)
You are clumsy. (Dex -2)
Your system is resistant to poisons. (rPois)
You occasionally lose the ability to drink potions when taking damage.


Message History

You hit the kobold demonologist but do no damage.
You drain the kobold demonologist.
The kobold demonologist is almost dead.
The quasit bites you.
You feel clumsy. The quasit claws you. The quasit barely misses you.
The rust devil closely misses you.
The kobold demonologist looks satisfied for a moment.
The quasit bites you.
You feel clumsy. The quasit claws you. The quasit closely misses you.
You hit the kobold demonologist but do no damage.
You drain the kobold demonologist.
The kobold demonologist is almost dead.
The quasit bites you.
You feel clumsy. The quasit closely misses you. The quasit claws you.
You closely miss the kobold demonologist.
The kobold demonologist is almost dead.
The rust devil hits you. The rust devil corrodes you!
The kobold demonologist gestures wildly while chanting.
The quasit bites you.
You feel clumsy. The quasit claws you.
You feel clumsy.
You have lost your dexterity.
The quasit claws you. The rust devil hits you. The rust devil corrodes you!
The kobold demonologist barely misses you.
The quasit bites you. The quasit claws you. x2
You feel clumsy. The orange demon stings you from afar!
You die...
Your body crumbles into a pile of gold.

### ### #.# #.# ############
#####.###.####..........#
#................######.#
#####.###.###.####.#.# #.#
#............4## #.#.# #.#
#.#.....#.###.@# #.#.# ####.###
#.....)...###K5###...# #.......
#.#.⌠.⌠.#......4.....# #.##.##.
#.........###..###...###.##.##)
#.#.....#.# #..........#.##.##)
#...._....# ##..^............))
#.#.....#.####..###..#.#.###.#.
#.............>......#.#.###.#.
#.#.⌠.⌠.#..................#.#.


You could see an orange demon (summoned), a rust devil (summoned), a kobold
demonologist (very drained) and a quasit (summoned).

Vanquished Creatures
  2 two-headed ogres (D:10)
  Maggie (D:9)
  Jeremiah (D:9)
  A kobold demonologist (D:10)
  5 trolls
  Grinder (D:5)
  5 hornets
  Prince Ribbit (D:9)
  2 vampires (D:10)
  A wyvern (D:9)
  14 yaks
  A warg (D:9)
  2 steam dragons
  A vampire mosquito (D:10)
  A two-headed ogre zombie (D:10)
  A water moccasin (D:7)
  Duvessa (D:6)
  3 orc warriors
  2 black bears (D:6)
  An ogre (D:5)
  2 wolves (D:9)
  A centaur (D:8)
  2 kobold brigands
  8 bullfrogs
  3 scorpions
  8 wights
  Dowan (D:6)
  4 killer bees (D:8)
  A howler monkey (D:6)
  A bombardier beetle (D:5)
  3 hounds
  4 orc priests
  2 gnoll boudas
  A jelly (D:7)
  4 iguanas
  Natasha (thrice) (D:4)
  6 orc wizards
  An adder (D:2)
  18 gnolls
  2 dart slugs (D:4)
  28 orcs
  5 endoplasms
  6 giant cockroaches
  8 goblins
  5 hobgoblins
  10 jackals
  A quokka (D:2)
  3 ball pythons
  6 bats
  4 frilled lizards
  12 kobolds
  An orc zombie (D:10)
  4 rats
215 creatures vanquished.

Notes
Turn   | Place    | Note
-------+----------+-------------------------------------------
     0 | D:1      | DildoBatman the Formicid Conjurer began the quest for the
                  | Orb.
     0 | D:1      | Reached XP level 1. HP: 13/13 MP: 3/3
   236 | D:1      | Found a faded altar of an unknown god.
   250 | D:1      | Reached XP level 2. HP: 19/19 MP: 0/5
   341 | D:1      | Learned a level 2 spell: Searing Ray
   542 | D:1      | Reached XP level 3. HP: 25/25 MP: 3/6
   561 | D:1      | Reached skill level 1 in Armour
   937 | D:2      | Identified the +5 dagger of Capital Punishment {drain,
                  | ^Contam Str+4 SInv Stlth+}
   943 | D:2      | Found Eluwoma's Magic Scroll Shoppe.
   950 | D:2      | Bought a scroll of identify for 24 gold pieces
  1095 | D:2      | Reached skill level 1 in Fighting
  1114 | D:2      | Reached XP level 4. HP: 17/32 MP: 6/8
  2189 | D:4      | Found a stormy altar of Qazlal.
  2244 | D:4      | Reached XP level 5. HP: 25/37 MP: 1/9
  2247 | D:4      | Reached skill level 1 in Short Blades
  2276 | D:4      | Found a staircase to the Ecumenical Temple.
  2298 | D:4      | Reached skill level 1 in Shapeshifting
  2318 | Temple   | Entered the Ecumenical Temple
  2341 | Temple   | Became a worshipper of Kikubaaqudgha
  2526 | D:4      | Noticed Natasha
  2768 | D:5      | Entered Level 5 of the Dungeon
  2768 | D:5      | Noticed an ogre
  2783 | D:5      | Found a radiant altar of Vehumet.
  2803 | D:4      | Reached XP level 6. HP: 37/44 MP: 10/10
  2852 | D:5      | Identified the +2 scale mail of the Haunted God {rN+ MP+9
                  | Str+3}
  2863 | D:5      | Found an ornate altar of the Wu Jian Council.
  2908 | D:5      | Noticed Grinder
  3008 | D:4      | Killed Natasha
  3197 | D:5      | Reached XP level 7. HP: 46/50 MP: 1/11
  3275 | D:4      | Noticed Natasha
  3282 | D:4      | Killed Natasha
  3326 | D:4      | Noticed Natasha
  3330 | D:4      | Killed Natasha
  3483 | D:5      | Reached skill level 5 in Stealth
  3609 | D:5      | Killed Grinder
  3610 | D:5      | Reached XP level 8. HP: 41/58 MP: 2/13
  3820 | D:5      | Found an opulent altar of Gozag.
  3833 | D:5      | Found a snail-covered altar of Cheibriados.
  3833 | D:5      | Noticed a yak
  4119 | D:6      | Noticed Dowan
  4119 | D:6      | Noticed Duvessa
  4159 | D:6      | Killed Dowan
  4160 | D:6      | Reached skill level 5 in Conjurations
  4354 | D:6      | Reached skill level 5 in Spellcasting
  4765 | D:6      | Killed Duvessa
  5015 | D:5      | Killed a yak
  5016 | D:5      | Reached XP level 9. HP: 63/63 MP: 17/17
  5053 | D:5      | Gained mutation: You are partially covered in iridescent
                  | scales. (AC +2) [potion of mutation]
  5053 | D:5      | Gained mutation: You occasionally lose the ability to drink
                  | potions when taking damage. [potion of mutation]
  5053 | D:5      | Gained mutation: You are clumsy. (Dex -2) [potion of
                  | mutation]
  5053 | D:5      | Gained mutation: Your system is resistant to poisons.
                  | (rPois) [potion of mutation]
  5112 | D:7      | Reached * piety under Kikubaaqudgha
  5112 | D:7      | Received a gift from Kikubaaqudgha
  5119 | D:7      | Learned a level 3 spell: Vampiric Draining
  5122 | D:7      | Learned a level 2 spell: Cigotuvi's Dreadful Rot
  5404 | D:7      | Noticed a hornet
  5421 | D:7      | Killed a hornet
  5422 | D:7      | Reached skill level 1 in Necromancy
  5656 | D:7      | Identified the +5 war axe "Baig" {protect, Will+}
  6157 | D:7      | Identified the +0 plate armour of the Morning {rF+++ Str+3}
  6179 | D:7      | Reached skill level 5 in Fighting
  6179 | D:7      | Reached skill level 5 in Armour
  6208 | D:7      | Found a sacrificial altar of Ru.
  6312 | D:8      | Upgraded the game from 0.31.0-11-ge490571c62 to
                  | 0.31.0-12-g77e489cdc1
  6395 | D:8      | Noticed a hornet
  6451 | D:8      | Killed a hornet
  6452 | D:8      | Reached XP level 10. HP: 58/74 MP: 14/19
  6610 | D:8      | Reached skill level 5 in Necromancy
  6855 | D:9      | Found a transporter.
  6891 | D:9      | Found a transporter.
  6962 | D:9      | Found a transporter.
  6964 | D:9      | Found a transporter.
  6988 | D:9      | Reached ** piety under Kikubaaqudgha
  6995 | D:9      | Found a transporter.
  7038 | D:9      | Found a transporter.
  7059 | D:9      | Noticed Erolcha
  7205 | D:9      | Noticed Prince Ribbit
  7219 | D:9      | Killed Prince Ribbit
  7254 | D:9      | Noticed Jeremiah
  7373 | D:9      | Killed Jeremiah
  7407 | D:9      | Found a shimmering altar of Xom.
  7445 | D:9      | Noticed Maggie
  7848 | D:9      | Killed Maggie
  7849 | D:9      | Reached XP level 11. HP: 49/82 MP: 12/20
  7903 | D:9      | Found a staircase to the Lair.
  8124 | D:10     | Entered Level 10 of the Dungeon
  8158 | D:10     | Noticed a two-headed ogre
  8447 | D:10     | Reached skill level 5 in Dodging
  8774 | D:10     | Noticed a two-headed ogre
  8957 | D:10     | Found a white marble altar of Elyvilon.
  9055 | D:10     | Reached *** piety under Kikubaaqudgha
  9055 | D:10     | Received a gift from Kikubaaqudgha
  9105 | D:9      | Learned a level 4 spell: Dispel Undead
  9111 | D:9      | Learned a level 5 spell: Borgnjor's Vile Clutch
  9111 | D:9      | Fell from the grace of Kikubaaqudgha
  9238 | D:5      | Became a worshipper of Gozag Ym Sagoz the Greedy
  9445 | D:10     | Reached skill level 1 in Earth Magic
  9525 | D:10     | Killed a two-headed ogre
  9740 | D:10     | Got the Textbook on Conflict
  9745 | D:10     | Learned a level 3 spell: Stone Arrow
  9782 | D:10     | Killed a two-headed ogre
  9783 | D:10     | Reached skill level 5 in Earth Magic
 10127 | D:9      | Reached XP level 12. HP: 48/75 MP: 21/21
 10167 | D:10     | Lost dexterity.
 10168 | D:10     | HP: 3/75 [quasit[a kobold demonologist] (1)]
 10168 | D:10     | Mangled by an orange demon

Illustrated notes

Levels and vault maps discovered:
D:1:      heliophobic_arrival_battle_scene, layout_basic,
          chequers_ecumenical_altar_simple
D:2:      layout_basic, serial_shops, shop
D:3:      layout_rooms
D:4:      layout_gridville, mainiacjoe_overflow_six_doors_small,
          minmay_temple_entry_mist, uniq_natasha
D:5:      layout_rooms, mainiacjoe_overflow_alcove_4, jmf_multi_god_temple2,
          nicolae_vehumet_altar_sigil, dreamdust_wishing_well, uniq_grinder
D:6:      layout_gridville, uniq_duvessa
D:7:      layout_gridville, nicolae_ru_the_path_less_chosen
D:8:      layout_rooms
D:9:      layout_small_grid, nicolae_overflow_crystal_walls,
          erik_lair_orcish_takeover, serial_nicolae_subway,
          nicolae_sub_station_metal, nicolae_sub_station_stone,
          nicolae_sub_station_crystal, uniq_erolcha, uniq_maggie,
          uniq_prince_ribbit1, uniq_jeremiah
D:10:     minmay_four_partial_circles, layout_basic, elyvilon_altar_5,
          orc_0_dummy
Temple:   jpeg_temple_clearing

Skill      XL: |  1  2  3  4  5  6  7  8  9 10 11 |
---------------+----------------------------------+-----
Dodging        | 2 3 4 6 |  6.0
Armour         | 1 2 3 5 6 8 |  8.0
Fighting       | 1 2 3 5 6 8 |  8.0
Stealth        | 3 4 5 |  5.0
Conjurations   | 4 5 6 |  6.0
Short Blades   | 1 2 |  2.0
Shapeshifting  | 1 2 3 4 |  4.0
Spellcasting   | 3 5 6 |  6.0
Necromancy     | 4 8 |  8.0
Earth Magic    | 6 |  6.2

Action                     |  1- 3 |  4- 6 |  7- 9 | 10-12 || total
---------------------------+-------+-------+-------+-------++-------
  Melee: Short sword       |    14 |       |       |       ||    14
         Quarterstaff      |     8 |       |       |       ||     8
         Dagger            |    18 |   100 |   145 |   210 ||   473
         Punch             |       |     1 |     1 |       ||     2
   Fire: Sling             |    27 |       |       |       ||    27
   Cast: Magic Dart        |    11 |    11 |    24 |    24 ||    70
         Searing Ray       |     3 |     5 |    17 |    51 ||    76
         Dispel Undead     |       |       |       |    12 ||    12
         Vampiric Draining |       |       |       |     5 ||     5
         Cigotuvi's Dreadf |       |       |       |     2 ||     2
 Invoke: Renounce Religion |       |       |       |     1 ||     1
    Use: Scroll            |     1 |       |     6 |     1 ||     8
         Potion            |       |       |     1 |       ||     1
   Stab: Sleeping          |     5 |     5 |     4 |     1 ||    15
 Armour: Robe              |    41 |    52 |   101 |   109 ||   303
         Troll leather arm |       |       |       |   188 ||   188
  Dodge: Dodged            |    42 |    53 |    94 |   273 ||   462
   Form: Beast             |       |       |     1 |       ||     1
                           |       |       |     1 |       ||     1
